 Dungeon Crawl Stone Soup version 0.18.1-8-gdd0e5ea (webtiles) character file.

364 M4edhros the Covert (level 6, 0/38 HPs)
             Began as an Octopode Artificer on June 8, 2016.
             Shot with an arrow by a centaur (8 damage)
             ... on level 5 of the Dungeon.
             The game lasted 00:04:13 (2440 turns).

M4edhros the Covert (Octopode Artificer)            Turns: 2440, Time: 00:04:13

Health: 0/38       AC:  1    Str: 11    XL:     6   Next: 67%
Magic:  8/8        EV:  9    Int: 14    God:
Gold:   37         SH:  6    Dex: 14    Spells: 0 memorised, 5 levels left

rFire  . . .     SeeInvis .     a - +0 short sword
rCold  . . .     Gourm    .     j - +0 shield
rNeg   + . .     Faith    .     (helmet restricted)
rPois  .         Spirit   .     (no amulet)
rElec  .         Dismiss  .     e - ring of positive energy
rCorr  .         Reflect  .     (no ring)
SustAt .         Harm     .     (no ring)
MR     .....                    (no ring)
Stlth  ++++++....               (no ring)
                                (no ring)
                                (no ring)
                                (no ring)

@: not resistant to hostile enchantments, very stealthy
A: almost no armour, amphibious, 8 rings, constrict 8, camouflage 1, gelatinous
body 1
a: no special abilities


You were on level 5 of the Dungeon.
You were not hungry.

You visited 1 branch of the dungeon, and saw 5 of its levels.

You collected 112 gold pieces.
You spent 75 gold pieces at shops.

Inventory:

Hand Weapons
 a - a +0 short sword (weapon)
Armour
 j - a +0 shield (worn)
Jewellery
 e - a ring of positive energy (left tentacle)
Wands
 b - a wand of flame (15/48)
 c - a wand of enslavement (6/24)
 d - a wand of random effects (11/48)
Scrolls
 h - 2 scrolls of teleportation {unknown}
 i - 2 scrolls of identify {unknown}
 k - a scroll of enchant weapon {unknown}
Potions
 l - a potion of lignification
Comestibles
 f - 2 bread rations
 g - 7 fruits


   Skills:
 - Level 1.0 Fighting
 - Level 1.0 Short Blades
 - Level 2.0 Dodging
 + Level 9.5 Stealth
 - Level 3.2 Evocations


You had 5 spell levels left.
You didn't know any spells.

Dungeon Overview and Level Annotations

Branches:
Dungeon (5/15)
 Temple: D:4-7

Altars:
Ashenzari
Okawaru

Shops:
D:4 !(([


Innate Abilities, Weirdness & Mutations

You cannot wear most types of armour.
You are amphibious.
You can wear up to eight rings at the same time.
You can use your tentacles to constrict eight enemies at once.
Your skin changes colour to match your surroundings (Stealth).
Your rubbery body absorbs attacks (AC +1).


Message History

You start resting.
You see here a giant spiked club.
The centaur shouts!
The centaur wields a shortbow.
The centaur shoots an arrow.
The arrow closely misses you.
Evoke which item? (* to show all) (? for menu, Esc to quit)
Zapping:
d - a wand of random effects (13/48)
Press: ? - help, Shift-Dir - straight line, f - centaur
Aim: a centaur, wielding a shortbow The rock shatters into small pieces.
This wand has 12 charges left.
The centaur shoots an arrow.
The arrow hits you!
Evoke which item? (* to show all) (? for menu, Esc to quit)
Zapping:
d - a wand of random effects (12/48)
Press: ? - help, Shift-Dir - straight line, f/p - centaur
Aim: a centaur, wielding a shortbow The centaur resists with significant effort.
This wand has 11 charges left.
The centaur shoots an arrow.
The arrow hits you!
* * * LOW HITPOINT WARNING * * *
The centaur shoots an arrow.
The arrow hits you!
You die...

.. ###.###
#.....#
######.c...# ..
#..........# #..
#..........#
.#.##........#
#...#.....@..#
#...........###
.##............
#....(...###..
#...........
#))..#.#.###
#.....#.#.._....
#.###.#.###.#####
..#.# .#


You could see a centaur.

Vanquished Creatures
  A worker ant (D:4)
  2 orc priests (D:4)
  2 hounds (D:4)
  An iguana (D:4)
  A hound skeleton (D:4)
  A gnoll (D:4)
  2 adders
  An ooze (D:4)
  A worm (D:4)
  2 dart slugs
  2 giant geckos
  5 orcs (D:4)
  5 giant cockroaches
  3 goblins
  2 hobgoblins (D:2)
  3 jackals
  2 kobolds
  4 giant newts
  4 rats
44 creatures vanquished.

Vanquished Creatures (collateral kills)
  An ogre (D:5)
  A hobgoblin (D:1)
2 creatures vanquished.

Vanquished Creatures (others)
  An ogre (D:5)
  A howler monkey (D:4)
  A hound (D:4)
  2 gnolls (D:4)
  A kobold (D:1)
6 creatures vanquished.

Grand Total: 52 creatures vanquished

Notes
Turn   | Place    | Note
--------------------------------------------------------------
     0 | D:1      | M4edhros the Octopode Artificer began the quest for the Orb.
     0 | D:1      | Reached XP level 1. HP: 13/13 MP: 3/3
    31 | D:1      | Reached skill level 2 in Stealth
   385 | D:2      | Reached skill level 3 in Stealth
   385 | D:2      | Reached XP level 2. HP: 13/18 MP: 4/4
   767 | D:2      | Reached skill level 4 in Stealth
   807 | D:2      | Reached XP level 3. HP: 14/23 MP: 5/5
  1037 | D:4      | Found Essukom's Armour Shoppe.
  1040 | D:4      | Bought a +0 shield for 45 gold pieces
  1066 | D:4      | Reached skill level 5 in Stealth
  1066 | D:4      | Reached XP level 4. HP: 22/28 MP: 6/6
  1088 | D:4      | Found an iron altar of Okawaru.
  1135 | D:4      | HP: 1/28 [hound (3)]
  1209 | D:4      | Reached skill level 6 in Stealth
  1432 | D:4      | Found Ninwylal's Antique Weapon Emporium.
  1488 | D:4      | Reached XP level 5. HP: 33/33 MP: 7/7
  1535 | D:4      | Found Heqov's Distillery.
  1561 | D:4      | Reached skill level 7 in Stealth
  1563 | D:4      | Bought a potion of lignification for 30 gold pieces
  1740 | D:4      | Reached skill level 8 in Stealth
  1774 | D:4      | Reached XP level 6. HP: 29/38 MP: 8/8
  1952 | D:4      | Found Itevaquk's Weapon Emporium.
  2262 | D:4      | Reached skill level 9 in Stealth
  2402 | D:5      | Entered Level 5 of the Dungeon
  2416 | D:5      | Found a shattered altar of Ashenzari.
  2440 | D:5      | Shot with an arrow by a centaur

Skill      XL: |  1  2  3  4  5  6 |
---------------+-------------------+-----
Stealth        | 3 4 5 6 8 9 |  9.5
Fighting       | |  1.0
Short Blades   | |  1.0
Dodging        | |  2.0
Evocations     | |  3.2

Action                   |  1- 3 |  4- 6 || total
-------------------------+-------+-------++-------
Melee: Short sword       |    53 |    45 ||    98
       Constrict         |    12 |    11 ||    23
       Tentacles         |     9 |    13 ||    22
Evoke: Wand              |     2 |    11 ||    13
 Stab: Sleeping          |     5 |    12 ||    17
  Eat: Chunk             |       |     5 ||     5
Armor: Skin              |     1 |     1 ||     2
Dodge: Dodged            |    34 |    13 ||    47
Block: Shield            |       |    14 ||    14
